 Dungeon Crawl Stone Soup version 0.29-a0-360-g8ed1089bbe (webtiles) character file.

Game seed: 671232151629666374

275 timneilson the Shield-Bearer (level 6, 0/38 HPs)
             Began as a Gargoyle Fighter on Apr 28, 2022.
             Slain by a white imp (2 damage)
             ... summoned by Eustachio
             ... on level 4 of the Dungeon.
             The game lasted 00:09:49 (3800 turns).

timneilson the Shield-Bearer (Gargoyle Fighter)     Turns: 3800, Time: 00:09:50

Health: 0/38       AC: 15    Str: 22      XL:     6   Next: 24%
Magic:  6/6        EV:  7    Int:  8      God:
Gold:   97         SH:  4    Dex:  7 (9)  Spells: 5/5 levels left

rFire   . . .      SeeInvis .   a - +0 long sword (vorpal)
rCold   . . .      Faith    .   c - +0 buckler
rNeg    + . .      Spirit   .   m - +0 chain mail
rPois   ∞          Reflect  .   (no helmet)
rElec   +          Harm     .   q - +0 cloak
rCorr   .          Rampage  .   (no gloves)
Will    .....                   (no boots)
Stlth   ..........              (no amulet)
HPRegen 0.12/turn               (no ring)
MPRegen 0.10/turn               (no ring)

@: mighty, hasted, studying Shields, very quick
A: sickness immunity, AC +4, negative energy resistance 1, electricity
resistance, torment resistance 1, petrification resistance
a: no special abilities


You were on level 4 of the Dungeon.
You visited 1 branch of the dungeon, and saw 4 of its levels.

You collected 1321 gold pieces.
You spent 1224 gold pieces at shops.

Inventory:

Hand Weapons
 a - a +0 vorpal long sword (weapon)
Armour
 c - a +0 buckler (worn)
 m - a +0 chain mail (worn)
 q - a +0 cloak (worn)
Jewellery
 j - a ring of fire
Wands
 k - a wand of charming (3)
Scrolls
 e - a scroll of amnesia {unknown}
 n - a scroll of identify
 o - a scroll of holy word
Potions
 b - a potion of berserk rage {unknown}
 f - a potion of mutation
 g - a potion of resistance {unknown}
 h - 2 potions of haste
 i - 2 potions of magic
 l - 2 potions of degeneration {unknown}
 p - a potion of ambrosia {unknown}


   Skills:
 + Level 3.9 Fighting
 * Level 3.2 Long Blades
 * Level 4.5 Armour
 + Level 1.4 Dodging
 * Level 5.2 Shields
 + Level 0.5 Evocations


You had 5 spell levels left.
You didn't know any spells.
Your spell library contained the following spells:

 Spells                   Type           Power      Damage    Failure   Level
 Ozocubu's Armour         Ice            0%         N/A       100%        3
 Ozocubu's Refrigeration  Ice            0%         4d5       100%        7


Dungeon Overview and Level Annotations

Branches:
Dungeon (4/15)
 Temple: D:4-7

Altars:

Shops:
D:1 *   D:3 !

Annotations:
D:4 Eustachio


Innate Abilities, Weirdness & Mutations

You are immune to sickness and miasma.
Your stone body is resilient. (AC +4)
You are immune to poison.
You resist negative energy. (rN+)
You are resistant to electric shocks. (rElec)
You are resistant to unholy torment.
You are immune to petrification.


Message History

The bat barely misses you. You block the shadow imp's attack.
Eustachio mumbles some strange words.
Eustachio blinks!
You barely miss the white imp. The bat hits you but does no damage.
You block the shadow imp's attack. You block the white imp's attack.
The bat barely misses you.
You barely miss the white imp. The bat hits you but does no damage.
The white imp gestures at you. The puff of frost hits you!
* * * LOW HITPOINT WARNING * * *
The shadow imp gestures at you. Pain shoots through your body!
* * * LOW HITPOINT WARNING * * *
You slash the shadow imp!
You kill the shadow imp!
The shadow imp disappears in a puff of smoke!
The bat hits you but does no damage. The bat barely misses you.
The white imp completely misses you.
You slash the ufetubus!
You kill the ufetubus!
The ufetubus disappears in a puff of smoke!
The bat barely misses you. x2
The white imp hits you but does no damage.
The bat barely misses you.
Eustachio mumbles some strange words.
Unknown command.
You barely miss Eustachio.
Eustachio is severely wounded.
The bat disappears in a puff of smoke!
The bat barely misses you.
The white imp hits you but does no damage.
Eustachio hits you but does no damage.
You barely miss Eustachio.
Eustachio is severely wounded.
You block the bat's attack.
The white imp hits you but does no damage.
Eustachio hits you but does no damage.
You barely miss Eustachio.
Eustachio is severely wounded.
The bat hits you but does no damage. The white imp hits you.
You die...

# .# #####.#
#...§# #+# #b#b##
#.# #b5@b# #.####
##@##$# ##....#
#.# ##...#.# #.#
#......#######.#
####.............#
.........#########
#####.##.# #....#
#.####


You could see Eustachio, a white imp (summoned) and 4 bats.

Vanquished Creatures
  Crazy Yiuf (D:3)
  A jelly (D:3)
  Natasha (thrice) (D:3)
  7 adders
  A worm (D:3)
  2 dart slugs
  4 endoplasms
  3 giant cockroaches
  7 goblins
  9 hobgoblins
  6 jackals
  4 kobolds
  7 quokkas
  5 ball pythons
  4 bats
  A frilled lizard (D:2)
  11 rats
76 creatures vanquished.

Notes
Turn   | Place    | Note
-------+----------+-------------------------------------------
     0 | D:1      | timneilson the Gargoyle Fighter began the quest for the
                  | Orb.
     0 | D:1      | Reached XP level 1. HP: 14/14 MP: 1/1
    11 | D:1      | Found Rolach's General Store.
   267 | D:1      | Found a faded altar of an unknown god.
   445 | D:1      | Reached XP level 2. HP: 16/19 MP: 2/2
   791 | D:1      | Reached XP level 3. HP: 20/23 MP: 3/3
  1636 | D:2      | Reached skill level 4 in Shields
  1748 | D:2      | Reached XP level 4. HP: 25/28 MP: 4/4
  2348 | D:2      | Identified a scroll of acquirement
  2459 | D:3      | Reached skill level 1 in Dodging
  2547 | D:3      | Reached XP level 5. HP: 18/33 MP: 5/5
  2720 | D:2      | Acquired 1074 gold pieces
  2785 | D:1      | Bought a manual of Shields for 960 gold pieces
  2785 | D:1      | Bought a scroll of brand weapon for 240 gold pieces
  2785 | D:1      | Bought a scroll of identify for 24 gold pieces
  2848 | D:3      | Found a runed translucent door.
  2849 | D:3      | Noticed Crazy Yiuf
  2986 | D:3      | Noticed Natasha
  2997 | D:3      | Killed Natasha
  3248 | D:3      | Noticed Natasha
  3253 | D:3      | Killed Natasha
  3344 | D:3      | Noticed Natasha
  3350 | D:3      | Killed Natasha
  3351 | D:3      | Reached skill level 5 in Shields
  3351 | D:3      | Reached XP level 6. HP: 34/38 MP: 6/6
  3459 | D:3      | Found Soekk's Distillery.
  3550 | D:3      | Killed Crazy Yiuf
  3737 | D:4      | Noticed Eustachio
  3800 | D:4      | Slain by a white imp

Illustrated notes

Levels and vault maps discovered:
D:1:      dreamdust_arrival_beginning_and_end, layout_basic,
          shapermc_ecumenical_altar_flowoftime, serial_shops, shop
D:2:      cheibrodos_old_hovel, layout_basic, minmay_misc_feat_plants
D:3:      layout_loops_cross, serial_shops, nicolae_shop_behind_doors,
          hangedman_abyss_or_decor_lesser_grid, uniq_natasha,
          uniq_crazy_yiuf_cottage
D:4:      layout_loops_corners, nicolae_vehumet_altar_sigil, uniq_eustachio,
          uniq_blork_the_orc, uniq_pikel

Skill      XL: |  1  2  3  4  5 |
---------------+----------------+-----
Long Blades    | 2 3 |  3.2
Shields        | 4 5 |  5.2
Armour         | 4 |  4.5
Dodging        | 1 |  1.4
Fighting       | |  3.9
Evocations     | |  0.5

Action                   |  1- 3 |  4- 6 || total
-------------------------+-------+-------++-------
Melee: Long sword        |   138 |   191 ||   329
  Use: Scroll            |     3 |     8 ||    11
       Potion            |       |     5 ||     5
Armor: Scale mail        |    92 |    11 ||   103
       Chain mail        |       |   119 ||   119
Dodge: Dodged            |    93 |    81 ||   174
Block: Buckler           |    31 |    62 ||    93

Table legend: (Time is in decaauts)
 A = Elapsed time spent in this place.
 B = Non-inter-level travel time spent in this place.
 C = Inter-level travel time spent in this place.
 D = Time resting spent in this place.
 E = Time spent auto-exploring this place.
 F = Levels seen in this place.
 G = Mean time per level.
                   A        B        C        D        E       F      G
               +--------+--------+--------+--------+--------+-----+--------+
         Total |   3878 |   3655 |    223 |    125 |   2632 |   4 |  969.5 |
       Dungeon |   3878 |   3655 |    223 |    125 |   2632 |   4 |  969.5 |
               +--------+--------+--------+--------+--------+-----+--------+

Top non-repeatable levels by time:
     D:1: 1473 daAuts
     D:2: 1289 daAuts
     D:3: 986 daAuts
     D:4: 129 daAuts
